 Dungeon Sprint DCSS version 0.28-a0-1234-g826d19b2e0 (webtiles) character file.

Game seed: 7114537140960396738

428 rocky1 the Fighter (level 6, -2/75 HPs)
             Began as an Ogre Fighter on Dec 24, 2021.
             Was a Follower of Okawaru.
             Slain by a shadow wraith (20 damage)
             ... in the Dungeon (Sprint VII: "The Pits").
             The game lasted 00:03:22 (985 turns).

rocky1 the Fighter (Ogre Fighter)                    Turns: 985, Time: 00:03:22

Health: -2/75      AC:  3    Str: 23    XL:     6   Next: 98%
Magic:  8/9        EV: 12    Int:  9    God:    Okawaru [*.....]
Gold:   0          SH: 10    Dex:  8    Spells: 5/5 levels left

rFire   . . .      SeeInvis .   n - +1 hand axe (freeze)
rCold   . . .      Faith    .   c - +0 kite shield
rNeg    . . .      Spirit   .   b - +0 robe
rPois   .          Reflect  .   (helmet restricted)
rElec   .          Harm     .   (no cloak)
rCorr   .          Rampage  .   (gloves unavailable)
Will    .....      NoTele   +   (boots unavailable)
Stlth   ++........              (no amulet)
HPRegen 0.22/turn               (no ring)
MPRegen 0.11/turn               (no ring)

@: heroic, slowed, very slow
A: large, unfitting armour, tough skin 1
a: Renounce Religion, Heroism


You were in the Dungeon.
You worshipped Okawaru.
Okawaru was aware of your devotion.
You visited 1 branch

Inventory:

Hand Weapons
 m - a +2 flail of protection
 n - a +1 hand axe of freezing (weapon)
Armour
 b - a +0 robe (worn)
 c - a +0 kite shield (worn)
Scrolls
 j - a scroll of blinking
 l - 5 scrolls of amnesia
Potions
 d - a potion of might
 e - 6 potions of curing
 f - a potion of heal wounds
 g - a potion of haste
 h - 4 potions of magic
 i - a potion of berserk rage
 k - 2 potions of invisibility


   Skills:
 + Level 9.3(14.3) Fighting
 + Level 7.6(12.6) Axes
 + Level 6.4(11.4) Dodging
 + Level 7.3(12.3) Shields
 - Level 4.0 Invocations


You had 5 spell levels left.
You didn't know any spells.
Your spell library was empty.

Dungeon Overview and Level Annotations

Branches:
Dungeon (1/1)

Altars:
Ashenzari
Cheibriados
Dithmenos
Elyvilon
Fedhas
Gozag
Hepliaklqana
Kikubaaqudgha
Makhleb
Nemelex Xobeh
Okawaru
Qazlal
Ru
Sif Muna
Trog
Uskayaw
Vehumet
Wu Jian
Xom
Yredelemnul
Zin
The Shining One
Beogh
Jiyva
Lugonu


Innate Abilities, Weirdness & Mutations

You are too large for most types of armour.
You have tough skin. (AC +1)


Message History

You slash something! You freeze something. You block something's attack.
You closely miss something. Something hits you! Something drains your vigour!
You feel yourself slow down.
You slash something! You freeze something. You block something's attack.
You closely miss something. Something barely misses you.
You hit something but do no damage. You hit something but do no damage.
Something hits you! Something drains your vigour!
You feel as though you will be slow longer.
You hit something. You freeze something. Something hits you!
* * * LOW HITPOINT WARNING * * *
Something drains your vigour!
You feel as though you will be slow longer.
You hit something but do no damage. Something hits you!
* * * LOW HITPOINT WARNING * * *
Unknown command.
You feel much better. Something hits you. Something barely misses you.
Unknown command.
You hit something. You freeze something. Something hits you!
* * * LOW HITPOINT WARNING * * *
Something drains your vigour!
You feel as though you will be slow longer.
Unknown command.
You feel much better. Something hits you. Something drains your vigour!
You feel as though you will be slow longer.
Unknown command.
You miss something. Something hits you! Something drains your vigour!
You feel as though you will be slow longer.
You hit something but do no damage. Something hits you!
Something drains your vigour!
You feel as though you will be slow longer.
You hit something. You freeze something. Something hits you!
* * * LOW HITPOINT WARNING * * *
You slash something! You freeze something. You block something's attack.
You feel much better. Something hits you!!
* * * LOW HITPOINT WARNING * * *
Something drains your vigour!
You feel as though you will be slow longer.
Something hits you!!
You die...

#.#..#..))[##.......#
#'###########.......#
#.......# #########
#.###...# #.#.))..#
#.#...#.#+#
#.....#)#.+
#...###.#{#
#.......'@#
###########


There were no monsters in sight!

Vanquished Creatures
  A water moccasin (D)
  An ice beast (D)
  A sky beast (D)
  An orc priest (D)
  A gnoll shaman (D)
  A jelly (D)
  3 gnolls (D)
  A river rat (D)
  An ufetubus (D)
  2 adder skeletons (D)
  3 orcs (D)
  2 ball pythons (D)
  A goblin (D)
  A bat (D)
  A giant cockroach zombie (D)
  A rat (D)
22 creatures vanquished.

Notes
Turn   | Place    | Note
-------+----------+-------------------------------------------
     0 | D        | rocky1 the Ogre Fighter began the quest for the Orb.
     0 | D        | Reached XP level 1. HP: 24/24 MP: 1/1
    21 | D        | Found a bloodstained altar of Trog.
    21 | D        | Found a shimmering blue altar of Sif Muna.
    21 | D        | Found a viscous altar of Jiyva.
    21 | D        | Found a hazy altar of Hepliaklqana.
    21 | D        | Found an opulent altar of Gozag.
    22 | D        | Found a glowing golden altar of the Shining One.
    22 | D        | Found a glowing silver altar of Zin.
    22 | D        | Found a basalt altar of Yredelemnul.
    22 | D        | Found a shimmering altar of Xom.
    22 | D        | Found an ornate altar of the Wu Jian Council.
    22 | D        | Found a sacrificial altar of Ru.
    22 | D        | Found a stormy altar of Qazlal.
    22 | D        | Found an iron altar of Okawaru.
    22 | D        | Found a sparkling altar of Nemelex Xobeh.
    22 | D        | Found a burning altar of Makhleb.
    22 | D        | Found a blossoming altar of Fedhas.
    22 | D        | Found a white marble altar of Elyvilon.
    22 | D        | Found a shadowy altar of Dithmenos.
    22 | D        | Found a snail-covered altar of Cheibriados.
    24 | D        | Found a radiant altar of Vehumet.
    24 | D        | Found a corrupted altar of Lugonu.
    25 | D        | Found a hide-covered altar of Uskayaw.
    25 | D        | Found an ancient bone altar of Kikubaaqudgha.
    25 | D        | Found a broken altar of Ashenzari.
    30 | D        | Became a worshipper of Warmaster Okawaru
    85 | D        | Reached skill level 1 in Invocations
    95 | D        | Noticed an orc priest
    99 | D        | Reached XP level 2. HP: 33/33 MP: 1/3
   106 | D        | HP: 2/45 [ufetubus (4)]
   107 | D        | Reached XP level 3. HP: 3/40 MP: 1/5
   283 | D        | Noticed a sky beast
   283 | D        | Noticed a water moccasin
   298 | D        | Reached XP level 4. HP: 49/49 MP: 7/7
   305 | D        | Killed a water moccasin
   305 | D        | Reached * piety under Okawaru
   306 | D        | Reached skill level 6 in Fighting
   306 | D        | Reached skill level 5 in Shields
   306 | D        | Reached XP level 5. HP: 61/61 MP: 8/8
   544 | D        | Killed a sky beast
   545 | D        | Reached skill level 7 in Fighting
   545 | D        | Reached skill level 5 in Dodging
   545 | D        | Reached XP level 6. HP: 72/72 MP: 6/9
   549 | D        | Reached skill level 8 in Fighting
   783 | D        | Noticed an ice beast
   800 | D        | Killed an ice beast
   801 | D        | Reached skill level 9 in Fighting
   977 | D        | HP: 1/75 [something (12)]
   985 | D        | Slain by a shadow wraith

Illustrated notes

Levels and vault maps discovered:
D:        pitsprint [storerooms_1, entrance_room_1, metal_vault_2, armoury_3,
          mini_pit_1, grid_room_1, main_hall_1, silver_pit, the_coven_3,
          the_vestibule_1, steel_vault_5, golden_pit, hallway_of_sentries,
          crystal_vault_1, iron_vault_1, final_vault]

Skill      XL: |  1  2  3  4  5  6 |
---------------+-------------------+-----
Dodging        | 3 4 5 6 |  6.4
Shields        | 3 4 5 6 7 |  7.3
Invocations    | 1 3 4 |  4.0
Axes           | 4 6 7 |  7.6
Fighting       | 6 7 9 |  9.3

Action                   |  1- 3 |  4- 6 || total
-------------------------+-------+-------++-------
Melee: War axe           |    19 |       ||    19
       Hand axe          |     7 |    58 ||    65
Invok: Heroism           |       |     3 ||     3
  Use: Potion            |     4 |     3 ||     7
Armor: Robe              |    11 |     6 ||    17
Dodge: Dodged            |    17 |    11 ||    28
Block: Kite shield       |    29 |    19 ||    48

Table legend: (Time is in decaauts)
 A = Elapsed time spent in this place.
 B = Non-inter-level travel time spent in this place.
 C = Inter-level travel time spent in this place.
 D = Time resting spent in this place.
 E = Time spent auto-exploring this place.
 F = Levels seen in this place.
 G = Mean time per level.
                   A        B        C        D        E       F      G
               +--------+--------+--------+--------+--------+-----+--------+
         Total |    996 |    980 |     16 |    735 |      0 |   1 |  996.0 |
       Dungeon |    996 |    980 |     16 |    735 |      0 |   1 |  996.0 |
               +--------+--------+--------+--------+--------+-----+--------+

Top non-repeatable levels by time:
       D: 996 daAuts
